Map: Winter's Gate LE

Players

GogojOey - Winner!

  • Race: Zerg Zerg
  • Spawn Location: 5:00

PengWin

  • Race: Zerg Zerg
  • Spawn Location: 11:00

Event: NationWars 2019

VOD

Have the link to the VOD?

Description

Time

  • Played on: Sept. 30, 2019, 12:48 p.m.
  • Length: 13:35
Show
View Real Time Build Order
Export as new Build Order

GogojOey Zerg - Winner!

Build Orders: Hatch First 

Get SALT Encoding   

  12  0:01  Drone  
  13  0:13  Overlord  
  13  0:16  Drone  
  14  0:31  Drone x2  
  16  0:51  Drone, Hatchery  
  16  0:55  Drone  
  17  0:57  Drone  
  18  1:08  Extractor  
  17  1:12  Spawning Pool  
  17  1:16  Drone  
  17  1:19  Drone  
  18  1:28  Drone  
  19  1:39  Drone  
  20  1:50  Drone  
  21  2:00  Overlord  
  21  2:02  Queen x2  
  21  2:03  Drone  
  26  2:09  Metabolic Boost  
  26  2:13  Zergling x2  
  26  2:15  Zergling x2  
  28  2:22  Zergling x2  
  29  2:26  Zergling x2  
  31  2:37  Drone x2  
  31  2:39  Queen  
  34  2:46  Overlord  
  34  2:47  Drone  
  35  2:52  Baneling Nest  
  35  2:56  Drone  
  35  3:01  Drone  
  36  3:12  Zergling x10  
  40  3:14  Zergling x2  
  40  3:15  Zergling x2  
  40  3:16  Spine Crawler  
  41  3:20  Zergling x4  
  41  3:31  Zergling x6  
  40  3:36  Baneling x2  
  40  3:40  Zergling x2  
  35  3:42  Baneling  
  35  3:45  Drone  
  32  3:54  Zergling x2  
  32  3:55  Zergling x2  
  34  4:06  Zergling x4  
  36  4:12  Drone  
  37  4:20  Drone x2  
  37  4:21  Drone  
  37  4:22  Hatchery  
  38  4:25  Drone  
  39  4:32  Drone x2  
  40  4:42  Overlord  
  37  4:46  Drone  
  37  4:47  Drone x3  
  37  4:49  Baneling  
  37  4:50  Baneling  
  41  5:00  Evolution Chamber  
  41  5:03  Drone x4  
  41  5:07  Drone  
  42  5:18  Drone x6  
  42  5:21  Zergling x2, Extractor  
  46  5:22  Zergling x2  
  48  5:28  Roach Warren  
  48  5:31  Zerg Missile Weapons Level 1  
  48  5:32  Baneling  
  48  5:34  Baneling  
  47  5:44  Drone x6  
  47  5:46  Extractor  
  47  5:47  Overlord  
  52  5:58  Overlord  
  52  5:59  Lair  
  52  6:00  Drone  
  53  6:09  Roach x4  
  60  6:12  Queen  
  60  6:17  Roach x2  
  66  6:23  Roach x2  
  69  6:28  Roach x2  
  69  6:30  Overlord  
  73  6:37  Overlord  
  73  6:46  Overlord  
  73  6:48  Queen  
  73  6:50  Roach x3  
  81  6:57  Roach x4  
  81  6:58  Overlord  
  89  7:04  Queen  
  89  7:05  Roach  
  93  7:08  Queen  
  93  7:11  Glial Reconstitution  
  95  7:18  Roach x2  
  95  7:19  Roach  
  95  7:22  Ravager x3  
  104  7:31  Roach  
  105  7:40  Overlord x2  
  105  7:53  Overlord  
  105  7:58  Queen x2  
  103  8:06  Roach x10  
  106  8:14  Queen  
  94  8:32  Roach x9  
  94  8:33  Queen  
  106  8:36  Roach  
  102  8:42  Roach x3  
  102  8:45  Roach  
  106  8:51  Roach, Queen  
  110  8:58  Drone x3  
  111  9:06  Overlord  
  111  9:09  Spore Crawler  
  110  9:11  Spore Crawler  
  110  9:14  Overlord  
  107  9:18  Burrow  
  107  9:21  Tunneling Claws  
  99  9:25  Queen  
  99  9:27  Queen  
  99  9:28  Drone x3  
  99  9:29  Drone  
  107  9:33  Roach  
  107  9:42  Drone  
  107  9:43  Roach x5  
  112  9:54  Roach x5  
  112  9:59  Roach x2  
  126  10:02  Queen  
  126  10:05  Queen  
  130  10:12  Overlord x2  
  130  10:20  Overlord  
  124  10:23  Ravager  
  124  10:25  Roach x3, Ravager  
  128  10:29  Spore Crawler, Queen  
  128  10:31  Zerg Missile Weapons Level 2  
  123  10:39  Roach x2  
  127  10:44  Roach x2  
  131  10:52  Drone x2  
  131  10:53  Drone x2  
  131  10:54  Roach  
  131  10:55  Extractor  
  136  10:59  Hatchery, Queen  
  137  11:11  Roach x4  
  145  11:14  Roach x3  
  145  11:15  Roach  
  145  11:16  Roach x2  
  145  11:20  Overlord x3  
  145  11:25  Roach x2  
  145  11:26  Overlord  
  145  11:29  Spore Crawler  
  144  11:35  Overseer x3  
  144  11:38  Ravager x2  
  143  11:43  Overlord  
  143  11:44  Roach x17  
  143  11:47  Roach  
  143  11:48  Roach x3  
  143  11:53  Hatchery  
  150  12:05  Roach  
  150  12:06  Roach x5  
  152  12:11  Roach x17  
  152  12:19  Ravager  
  153  12:25  Extractor  
  137  12:30  Roach  
  116  12:39  Queen  
  116  12:42  Roach x6  
  113  12:45  Roach x2  
  113  12:50  Roach x3  
  117  12:54  Roach  
  113  13:03  Roach  
  113  13:07  Roach x3  
  113  13:11  Roach x4  
  115  13:16  Roach x2  
Show
View Real Time Build Order
Export as new Build Order

PengWin Zerg 

Build Orders: Pool First, Lurkers 

Get SALT Encoding   

  12  0:03  Drone  
  13  0:13  Overlord  
  13  0:17  Drone  
  14  0:31  Drone  
  15  0:38  Spawning Pool  
  15  0:40  Drone  
  15  0:45  Extractor  
  15  0:47  Drone  
  15  0:50  Drone  
  16  0:57  Drone  
  17  1:16  Hatchery  
  16  1:25  Zergling x4  
  18  1:29  Zergling x2  
  19  1:38  Queen  
  21  1:48  Metabolic Boost  
  21  1:56  Overlord  
  21  1:58  Drone  
  22  2:14  Queen  
  24  2:18  Zergling x4  
  26  2:32  Zergling x4  
  28  2:45  Zergling x6  
  28  2:50  Zergling x8  
  35  3:00  Overlord  
  34  3:16  Drone  
  35  3:21  Baneling Nest  
  30  3:34  Drone x4  
  30  3:35  Drone x5  
  35  3:44  Zergling x2  
  32  3:51  Drone  
  32  3:52  Spine Crawler  
  32  3:54  Zergling x2  
  32  3:56  Queen  
  32  3:58  Drone  
  35  4:04  Zergling x2  
  35  4:06  Baneling x2  
  35  4:09  Zergling x2  
  37  4:16  Zergling x2  
  38  4:18  Baneling  
  38  4:23  Baneling  
  37  4:28  Drone  
  37  4:29  Drone x5  
  38  4:49  Zergling x6  
  41  4:54  Drone x3  
  44  5:00  Lair, Overlord  
  44  5:01  Overlord  
  41  5:09  Drone x3  
  44  5:18  Extractor  
  44  5:19  Extractor x2  
  41  5:24  Drone x6  
  47  5:48  Drone  
  47  5:49  Drone  
  49  5:50  Drone x2  
  49  5:51  Drone  
  49  5:53  Overlord x2  
  49  5:56  Spine Crawler  
  51  6:01  Overlord x3  
  51  6:02  Hatchery  
  50  6:10  Spire  
  49  6:15  Drone x2  
  49  6:16  Zergling x8  
  55  6:20  Baneling x2  
  55  6:22  Zergling x8  
  59  6:26  Queen  
  61  6:53  Overlord  
  61  6:54  Overlord  
  61  6:55  Zergling x16  
  68  7:18  Spine Crawler x2  
  68  7:21  Mutalisk x9  
  84  7:25  Baneling x2  
  84  7:33  Zergling x4  
  87  7:37  Mutalisk  
  71  8:07  Zergling x2  
  71  8:08  Zergling x14  
  64  8:20  Drone x4  
  64  8:22  Queen  
  69  8:33  Queen  
  64  8:36  Zergling x6  
  64  8:47  Zergling x2  
  64  8:48  Zergling x2  
  66  8:52  Hatchery, Zerg Flyer Weapons Level 1  
  66  8:55  Hydralisk Den  
  64  8:58  Mutalisk x2  
  68  9:14  Queen  
  67  9:27  Lurker Den  
  67  9:29  Zergling x2, Evolution Chamber  
  67  9:30  Zergling x10  
  69  9:42  Zergling x4  
  67  9:52  Hydralisk x4  
  75  10:01  Hydralisk x4  
  75  10:05  Zerg Missile Weapons Level 1  
  83  10:07  Hatchery  
  82  10:39  Zergling x20  
  92  10:55  Overseer  
  92  10:57  Lurker x5  
  92  10:58  Lurker x3  
  92  10:59  Overlord x2  
  92  11:00  Overlord x2  
  100  11:19  Pneumatized Carapace  
  100  11:22  Spore Crawler  
  76  11:56  Mutalisk x7  
  74  12:10  Overseer  
  46  12:42  Drone x9  
  43  12:49  Overseer  
  43  13:09  Drone x5  
Tags
 
Add a new tag
Caveats
  • Supply blocks, unpowered buildings, or Contaminate may cause inaccurate times.
  • Supply counts are checked every 10 seconds.